 Dungeon Sprint DCSS version 0.28.0 (webtiles) character file.

Game seed: 8703002554114889235

3086 boopmooplesden the Carver (level 9, -14/89 HPs)
             Began as a Minotaur Fighter on Feb 5, 2022.
             Was an Elder of Okawaru.
             Demolished by Agnes (29 damage)
             ... in the Dungeon (Sprint IV: "Fedhas' Mad Dash").
             The game lasted 00:06:01 (2507 turns).

boopmooplesden the Carver (Minotaur Fighter)        Turns: 2507, Time: 00:06:02

Health: -14/89     AC: 12    Str: 24    XL:     9   Next: 59%
Magic:  8/10       EV: 13    Int:  5    God:    Okawaru [****..]
Gold:   143        SH: 15    Dex: 11    Spells: 8/8 levels left

rFire   . . .      SeeInvis .   a - +0 long sword
rCold   . . .      Faith    .   e - +2 kite shield {rPois}
rNeg    . . .      Spirit   .   i - +2 scale mail {Will+}
rPois   +          Reflect  .   (helmet restricted)
rElec   .          Harm     .   (no cloak)
rCorr   .          Rampage  .   (no gloves)
Will    +....      NoTele   +   (no boots)
Stlth   +++.......              j - amulet of invisibility {+Inv}
HPRegen 0.24/turn               (no ring)
MPRegen 0.12/turn               (no ring)

@: heroic, very slightly contaminated, invisible
A: horns 2, retaliatory headbutt
a: Renounce Religion, Evoke Invisibility, Heroism, Finesse


You were in the Dungeon.
You worshipped Okawaru.
Okawaru was greatly pleased with you.
You visited 1 branch You collected 165 gold pieces.
You spent 22 gold pieces at shops.

Inventory:

Hand Weapons
 a - a +0 long sword (weapon)
Missiles
 k - 5 poisoned darts (quivered)
Armour
 b - a +0 scale mail
 c - a +0 buckler
 e - a +2 kite shield of poison resistance (worn)
 i - a +2 scale mail of willpower (worn)
Jewellery
 j - the amulet of invisibility (around neck) {+Inv}
   (You found it in the Dungeon)

   [amulet of nothing]

   +Inv:      It lets you turn invisible.
Scrolls
 f - a scroll of enchant weapon {unknown}
 l - a scroll of identify
Potions
 d - 2 potions of invisibility
 g - a potion of haste
 h - 2 potions of magic


   Skills:
 + Level 11.4(16.4) Fighting
 + Level 13.1(18.1) Long Blades
 + Level 2.2(7.2) Throwing
 + Level 12.8(17.8) Armour
 + Level 4.0(9.0) Dodging
 + Level 4.6(9.6) Stealth
 + Level 11.5(16.5) Shields
 + Level 3.0 Invocations
 + Level 6.8 Evocations


You had 8 spell levels left.
You didn't know any spells.
Your spell library contained the following spells:

 Spells                   Type           Power      Damage    Failure   Level
 Portal Projectile        Hex/Tloc       0%         N/A       99%         3
 Blade Hands              Tmut           0%         N/A       100%        5
 Excruciating Wounds      Necr           0%         N/A       100%        5


Dungeon Overview and Level Annotations

Branches:
Dungeon (1/1)

Altars:
Cheibriados
Dithmenos
Elyvilon
Gozag
Hepliaklqana
Kikubaaqudgha
Makhleb
Nemelex Xobeh
Okawaru
Qazlal
Ru
Sif Muna
Trog
Uskayaw
Vehumet
Wu Jian
Xom
Yredelemnul
Zin
The Shining One
Beogh
Jiyva
Lugonu

Shops:
D ***(

Annotations:
D exclusion: oklob plant, Agnes


Innate Abilities, Weirdness & Mutations

You have a pair of horns on your head.
You reflexively headbutt those who attack you in melee.


Message History

You fade into invisibility!
You are very lightly contaminated with residual magic.
As you open the door, it creaks loudly!
A ballistomycete spore comes into view.
Found 6 gold pieces.
You slash the ballistomycete spore!
The ballistomycete spore explodes!
The explosion of spores engulfs you.
You are confused.
You bump into the stone wall.
You start resting.
You feel less confused.
There is an open door here.
You now have 143 gold pieces (gained 6).
You open the door.
An oklob plant comes into view.
Marking area around an oklob plant as unsafe for travelling.
Found 15 stones and a plate armour.
You close the door.
You open the door.
Agnes the Wanderer comes into view.
She is wielding a +6 lajatang of speed.
Agnes shouts!
You close the door.
Agnes opens the door.
You gain the combat prowess of a mighty hero.
You slash Agnes!
Agnes is lightly wounded.
Agnes hits you with a +6 lajatang of speed!!
You block Agnes's attack.
You closely miss Agnes. Your headbutt misses Agnes.
Agnes is lightly wounded.
Agnes hits you with a +6 lajatang of speed!
Agnes hits you with a +6 lajatang of speed!!!
* * * LOW HITPOINT WARNING * * *
You barely miss Agnes.
Agnes is lightly wounded.
Agnes barely misses you.
Agnes says, "The ORB is mine by right."
Agnes hits you with a +6 lajatang of speed!!
You die...

###############################
.#.⌠._._._._.⌠.#.))...#....##∩#
.'.._._._._._..'..#...#....'..#
.#..._._._._...#..###'##.)[##∩#
##.._._._._._..#.)##∩∩.'...####
.#._._._._._.⌠.#############
.###################..P.[
##♣♣♣♣♣..♣.###.'@.+.....(
'......♣..♣##..#i.#
#♣..♣♣♣.♣).###.##'#
#.♣♣..♣...♣'...#♣.♣ ##
#############... ♣..♣ ....
♣.... #####


You could see Agnes.

Vanquished Creatures
  A spriggan druid (D)
  3 oklob plants (D)
  A queen bee (D)
  3 burning bushes (D)
  2 wandering mushrooms (D)
  3 scorpions (D)
  4 killer bees (D)
  5 oklob saplings (D)
  2 spriggans (D)
  A river rat (D)
  A rat (D)
  A ballistomycete spore (D)
27 creatures vanquished.

Vanquished Creatures (others)
  A wandering mushroom (D)
1 creature vanquished.

Grand Total: 28 creatures vanquished

Notes
Turn   | Place    | Note
-------+----------+-------------------------------------------
     0 | D        | boopmooplesden the Minotaur Fighter began the quest for the
                  | Orb.
     0 | D        | Reached XP level 1. HP: 19/19 MP: 0/0
    11 | D        | Reached XP level 2. HP: 26/28 MP: 1/1
    20 | D        | Noticed a scorpion
    21 | D        | Found the amulet of invisibility {+Inv}
    25 | D        | Killed a scorpion
    26 | D        | Reached skill level 3 in Long Blades
    26 | D        | Reached XP level 3. HP: 16/37 MP: 2/2
    26 | D        | Reached XP level 4. HP: 19/44 MP: 3/3
   279 | D        | Reached skill level 4 in Long Blades
   298 | D        | Found an opulent altar of Gozag.
   298 | D        | Found a hazy altar of Hepliaklqana.
   298 | D        | Found a snail-covered altar of Cheibriados.
   302 | D        | Found a viscous altar of Jiyva.
   302 | D        | Found a burning altar of Makhleb.
   302 | D        | Found a sparkling altar of Nemelex Xobeh.
   302 | D        | Found a sacrificial altar of Ru.
   302 | D        | Found a shimmering blue altar of Sif Muna.
   302 | D        | Found a bloodstained altar of Trog.
   302 | D        | Found an ornate altar of the Wu Jian Council.
   302 | D        | Found a shimmering altar of Xom.
   302 | D        | Found a basalt altar of Yredelemnul.
   303 | D        | Found an iron altar of Okawaru.
   303 | D        | Found a shadowy altar of Dithmenos.
   303 | D        | Found a glowing silver altar of Zin.
   304 | D        | Found an ancient bone altar of Kikubaaqudgha.
   304 | D        | Found a hide-covered altar of Uskayaw.
   305 | D        | Found a stormy altar of Qazlal.
   305 | D        | Found a white marble altar of Elyvilon.
   305 | D        | Found a glowing golden altar of the Shining One.
   306 | D        | Found a corrupted altar of Lugonu.
   306 | D        | Found a radiant altar of Vehumet.
   314 | D        | Reached skill level 1 in Evocations
   314 | D        | Reached XP level 5. HP: 40/53 MP: 2/4
   317 | D        | Became a worshipper of Warmaster Okawaru
   400 | D        | Reached skill level 5 in Long Blades
   655 | D        | Reached XP level 6. HP: 26/62 MP: 5/5
   658 | D        | Reached skill level 6 in Long Blades
  1000 | D        | Found Dialoletz's General Store.
  1000 | D        | Found Muwin's Assorted Antiques.
  1007 | D        | Bought a scroll labelled GAHOBETS VUELO for 22 gold pieces
  1010 | D        | Noticed a burning bush
  1010 | D        | Noticed a wandering mushroom
  1011 | D        | Noticed a wandering mushroom
  1136 | D        | Killed a wandering mushroom
  1136 | D        | Reached * piety under Okawaru
  1137 | D        | Reached skill level 7 in Long Blades
  1137 | D        | Reached skill level 1 in Dodging
  1137 | D        | Reached skill level 1 in Stealth
  1489 | D        | Killed a burning bush
  1490 | D        | Reached skill level 8 in Long Blades
  1490 | D        | Reached skill level 1 in Throwing
  1490 | D        | Reached skill level 10 in Armour
  1490 | D        | Reached XP level 7. HP: 43/70 MP: 2/6
  1491 | D        | Found Cecigal's Weapon Emporium.
  1491 | D        | Found Vocrosos's General Store.
  1665 | D        | Noticed a queen bee
  1673 | D        | Reached skill level 9 in Long Blades
  1676 | D        | Reached skill level 10 in Shields
  1685 | D        | Killed a queen bee
  1685 | D        | Reached ** piety under Okawaru
  1686 | D        | Reached skill level 1 in Invocations
  1686 | D        | Reached XP level 8. HP: 43/78 MP: 5/7
  1859 | D        | Noticed a burning bush
  1869 | D        | Killed a burning bush
  1870 | D        | Reached skill level 10 in Long Blades
  1949 | D        | Noticed an oklob plant
  1965 | D        | Killed an oklob plant
  1965 | D        | Reached *** piety under Okawaru
  1966 | D        | Reached skill level 10 in Fighting
  1966 | D        | Reached skill level 11 in Long Blades
  1966 | D        | Reached skill level 5 in Evocations
  2036 | D        | Noticed a burning bush
  2036 | D        | Noticed an oklob plant
  2038 | D        | Noticed a wandering mushroom
  2048 | D        | Killed a burning bush
  2379 | D        | Killed an oklob plant
  2380 | D        | Reached skill level 12 in Long Blades
  2380 | D        | Reached XP level 9. HP: 86/86 MP: 6/9
  2423 | D        | Noticed a spriggan druid
  2429 | D        | Killed a spriggan druid
  2429 | D        | Reached **** piety under Okawaru
  2458 | D        | Noticed an oklob plant conjurer
  2463 | D        | Killed an oklob plant conjurer
  2464 | D        | Reached skill level 13 in Long Blades
  2499 | D        | Noticed an oklob plant
  2501 | D        | Noticed Agnes
  2507 | D        | Demolished by Agnes

Illustrated notes

Levels and vault maps discovered:
D:        dungeon_sprint_fedhas [sprint_temple]

Skill      XL: |  1  2  3  4  5  6  7  8  9 |
---------------+----------------------------+-----
Fighting       | 4 6 7 8 9 10 11 | 11.4
Armour         | 4 6 7 8 10 11 12 | 12.8
Shields        | 4 6 7 8 9 10 11 | 11.5
Long Blades    | 3 4 5 8 9 12 13 | 13.1
Evocations     | 1 2 3 4 5 6 |  6.8
Dodging        | 1 2 3 4 |  4.0
Stealth        | 2 3 4 |  4.6
Throwing       | 1 2 |  2.2
Invocations    | 1 2 3 |  3.0

Action                   |  1- 3 |  4- 6 |  7- 9 || total
-------------------------+-------+-------+-------++-------
Melee: Long sword        |     9 |    43 |    65 ||   117
       Headbutt          |     1 |    13 |    19 ||    33
Throw: Dart              |       |     3 |       ||     3
Invok: Heroism           |       |     2 |     8 ||    10
 Abil: Evoke Invisibilit |       |     3 |     7 ||    10
  Use: Scroll            |     1 |     2 |       ||     3
       Potion            |     1 |     1 |     2 ||     4
 Stab: Invisible         |       |       |     3 ||     3
       Sleeping          |       |       |     2 ||     2
Armor: Scale mail        |       |    11 |    10 ||    21
Dodge: Dodged            |     3 |    11 |    16 ||    30
Block: Buckler           |     3 |     8 |    10 ||    21
       Kite shield       |       |       |     6 ||     6
